 Dungeon Crawl Stone Soup version 0.25-a0-578-gc91f01c39c (webtiles) character file.

Game seed: 14304317761465268000, levelgen mode: deterministic

11897 Borgoz the Fighter (level 11, -5/73 HPs)
             Began as a Gargoyle Gladiator on Feb 20, 2020.
             Was an Elder of Okawaru.
             Killed by divine providence
             ... invoked by an orc priest
              (14 damage)
             ... on level 11 of the Dungeon on Mar 7, 2020.
             The game lasted 00:15:16 (9412 turns).

Borgoz the Fighter (Gargoyle Gladiator)             Turns: 9412, Time: 00:15:17

Health: -5/73      AC: 27    Str: 22    XL:     11   Next: 84%
Magic:  11/11      EV: 14    Int:  8    God:    Okawaru [****..]
Gold:   598        SH:  0    Dex: 19    Spells: 10/10 levels left

rFire    . . .     SeeInvis .   a - +1 morningstar
rCold    + . .     Gourm    .   (no shield)
rNeg     + . .     Faith    .   I - +0 chain mail {rC+}
rPois    ∞         Spirit   .   c - +0 helmet
rElec    +         Reflect  .   t - +2 cloak
rCorr    .         Harm     .   y - +1 pair of gloves {Str+3}
MR       .....                  (no boots)
Stlth    ..........             (no amulet)
HPRegen  0.22/turn              b - +4 ring of slaying
MPRegen  0.12/turn              k - +5 ring of dexterity

@: very slightly contaminated
A: negative energy resistance 1, electricity resistance, unbreathing,
petrification resistance, rot immunity, AC +8
a: Heroism, Renounce Religion


You were on level 11 of the Dungeon.
You worshipped Okawaru.
Okawaru was greatly pleased with you.
You were not hungry.

You visited 2 branches of the dungeon, and saw 12 of its levels.

You collected 598 gold pieces.

Inventory:

Hand Weapons
 a - a +1 morningstar (weapon)
 m - the +6 quarterstaff of Huilygg {drain, rElec rN+ Dex-3}
   (You found it on level 10 of the Dungeon)

   A truly terrible weapon, it drains the life of those it strikes.
   It affects your dexterity (-3).
   It insulates you from electricity.
   It protects you from negative energy.
Missiles
 d - 2 throwing nets (quivered)
Armour
 c - a +0 helmet (worn)
 t - a +2 cloak (worn)
 y - a +1 pair of gloves of strength (worn)
 I - a +0 chain mail of cold resistance (worn)
Jewellery
 b - a +4 ring of slaying (left hand)
 k - a +5 ring of dexterity (right hand)
Wands
 o - a wand of acid (8)
 z - a wand of random effects (19)
 E - a wand of flame (19)
 H - a wand of polymorph (9)
 J - a wand of digging (7)
 K - a wand of disintegration (11)
Scrolls
 e - a scroll of noise
 g - 2 scrolls of remove curse
 l - 4 scrolls of fear
 n - a scroll of enchant armour
 q - 2 scrolls of enchant weapon
 u - a scroll of teleportation
 v - 2 scrolls of amnesia
 B - 2 scrolls of identify
 F - a scroll of immolation
Potions
 i - a potion of brilliance {unknown}
 j - 2 potions of mutation
 p - 2 potions of might
 r - a potion of cancellation {unknown}
 s - a potion of flight
 w - 3 potions of haste
 x - 2 potions of stabbing
 C - 2 potions of lignification {unknown}
 D - 2 potions of curing
 G - a potion of magic {unknown}
 L - a potion of heal wounds {unknown}
 M - a potion of degeneration {unknown}
Comestibles
 f - 17 rations
 N - 9 chunks of flesh


   Skills:
 + Level 10.3 Fighting
 + Level 9.8 Maces & Flails
 - Level 1.7 Throwing
 + Level 10.1 Armour
 + Level 8.3 Dodging


You had 10 spell levels left.
You didn't know any spells.
Your spell library contained the following spells:

 Spells                   Type           Power        Failure   Level  Hunger
 Magic Dart               Conj           #...         95%         1    ##.....
 Blink                    Tloc           N/A          99%         2    ###....
 Call Imp                 Summ           #.......     99%         2    ###....
 Slow                     Hex            #.......     99%         2    ###....
 Conjure Flame            Conj/Fire      #.......     100%        3    ####...
 Mephitic Cloud           Conj/Pois/Air  #.......     100%        3    ####...


Dungeon Overview and Level Annotations

Branches:
Dungeon (11/15)            Temple (1/1) D:5            Lair (0/6) D:8
    Orc (0/2) D:9

Altars:
Ashenzari
Cheibriados
Dithmenos
Elyvilon
Fedhas
Gozag
Hepliaklqana
Kikubaaqudgha
Makhleb
Nemelex Xobeh
Okawaru
Qazlal
Ru
Sif Muna
Trog
Uskayaw
Vehumet
Wu Jian
Xom
Yredelemnul
Zin
The Shining One

Shops:
D:8 %


Innate Abilities, Weirdness & Mutations

You are resistant to torment.
Your stone body is resilient. (AC +8)
You are immune to poison.
You resist negative energy. (rN+)
You are resistant to electric shocks. (rElec)
You can survive without breathing.
You are immune to petrification.
You are immune to rotting.


Message History

You hit the centaur warrior skeleton.
The centaur warrior skeleton is severely damaged.
The centaur warrior skeleton closely misses you.
The brown ugly thing basks in the mutagenic energy from its kin and changes!
You puncture the centaur warrior skeleton!
The centaur warrior skeleton is almost destroyed.
The centaur warrior skeleton closely misses you.
The centaur warrior skeleton hits you.
* * * LOW HITPOINT WARNING * * *
You completely miss the centaur warrior skeleton.
The centaur warrior skeleton is almost destroyed.
The centaur warrior skeleton closely misses you.
The purple ugly thing claws you but does no damage.
You puncture the centaur warrior skeleton!
You destroy the centaur warrior skeleton!
Okawaru accepts your kill.
A hornet comes into view.
The orc priest calls down the wrath of Beogh upon you.
Beogh smites you!
You die... # ..#y. # ... ### ... #.. ... #.. #.## #.. #uo

###. #.. #u# ..oo
#.. #@# #..##. #..
#)##...o.. ###
#....o..# ###
#.......# #5§
#.?##.#h.#######u#
#.## .. ...5K4Fu§
#.. .....4K5K##
... .....5K.4 ....
.....ZK


You could see 2 ugly things, a hornet (wandering) and an orc priest.

Vanquished Creatures
  A two-headed ogre (D:11)
  The ghost of Flugslaktarn the Cleaver, a novice DDFi of Makhleb (D:8)
  A wolf spider zombie (D:11)
  Joseph (D:7)
  A hornet (D:10)
  Grinder (D:3)
  3 hippogriffs (D:8)
  A shadow (D:11)
  Grum (D:10)
  12 yaks
  Menkaure (D:7)
  A steam dragon (D:10)
  6 orc warriors
  A phantom (D:10)
  2 ice beasts
  2 necrophages
  9 centaurs
  6 sky beasts
  A black bear (D:11)
  9 ogres
  4 wolves (D:10)
  A big kobold (D:11)
  Blork the orc (D:6)
  2 bullfrogs
  2 wyvern skeletons
  2 scorpions
  11 killer bees
  4 howler monkeys
  4 crimson imps
  3 centaur zombies
  2 quasits
  5 jellies
  An orc priest (D:9)
  5 hounds
  4 iguanas
  3 centaur skeletons
  12 orc wizards
  11 worker ants
  A killer bee zombie (D:9)
  A hound zombie (D:5)
  A howler monkey zombie (D:6)
  A worker ant zombie (D:6)
  3 gnolls (D:6)
  3 adders
  2 shadow imps (D:5)
  2 oozes
  2 adder skeletons
  A worm (D:2)
  5 dart slugs
  4 leopard geckos
  39 orcs
  10 giant cockroaches
  11 goblins
  5 hobgoblins
  15 jackals
  4 kobolds
  5 quokkas
  A ball python (D:3)
  3 bats
  2 frilled lizards
  A giant cockroach zombie (D:5)
  A jackal skeleton (D:6)
  A leopard gecko zombie (D:8)
  A quokka zombie (D:7)
  7 rats
270 creatures vanquished.

Notes
Turn   | Place    | Note
-------+----------+-------------------------------------------
     0 | D:1      | Borgoz the Gargoyle Gladiator began the quest for the Orb.
     0 | D:1      | Reached XP level 1. HP: 12/12 MP: 1/1
   205 | D:1      | Reached XP level 2. HP: 18/18 MP: 2/2
   283 | D:1      | Reached skill level 1 in Armour
   297 | D:1      | Reached XP level 3. HP: 20/22 MP: 3/3
  1480 | D:3      | Upgraded the game from 0.25-a0-544-gee0576305d to
                  | 0.25-a0-578-gc91f01c39c
  1502 | D:3      | Noticed a sky beast
  1511 | D:3      | Killed a sky beast
  1511 | D:3      | Reached XP level 4. HP: 19/28 MP: 4/4
  1511 | D:3      | Reached XP level 5. HP: 22/32 MP: 5/5
  1700 | D:3      | Noticed Grinder
  1725 | D:3      | Killed Grinder
  1725 | D:3      | Reached XP level 6. HP: 23/38 MP: 6/6
  2037 | D:3      | Found a stormy altar of Qazlal.
  2163 | D:3      | Noticed an ice beast
  2184 | D:3      | Killed an ice beast
  2184 | D:3      | Reached XP level 7. HP: 20/44 MP: 7/7
  2652 | D:4      | Reached skill level 5 in Maces & Flails
  2669 | D:4      | Found a blossoming altar of Fedhas.
  2809 | D:4      | Found a shimmering blue altar of Sif Muna.
  2896 | D:4      | Found a shimmering altar of Xom.
  2898 | D:4      | Found a basalt altar of Yredelemnul.
  2898 | D:4      | Found a glowing silver altar of Zin.
  2900 | D:4      | Found a white marble altar of Elyvilon.
  2900 | D:4      | Found a shimmering altar of Xom.
  2900 | D:4      | Found a basalt altar of Yredelemnul.
  3159 | D:5      | Entered Level 5 of the Dungeon
  3332 | D:5      | Reached skill level 5 in Fighting
  3427 | D:5      | Found a staircase to the Ecumenical Temple.
  3669 | D:5      | Reached XP level 8. HP: 44/49 MP: 8/8
  3851 | Temple   | Entered the Ecumenical Temple
  4345 | D:6      | Reached skill level 5 in Armour
  4472 | D:6      | Noticed Blork the orc
  4479 | D:6      | Killed Blork the orc
  4734 | D:6      | Reached skill level 5 in Dodging
  5105 | D:6      | Noticed a yak
  5106 | D:6      | Noticed a yak
  5106 | D:6      | Noticed a yak
  5107 | D:6      | Noticed a yak
  5107 | D:6      | Noticed a yak
  5120 | D:6      | Killed a yak
  5120 | D:6      | Reached XP level 9. HP: 56/56 MP: 9/9
  5599 | D:7      | Noticed Joseph
  5612 | D:7      | Killed Joseph
  5778 | D:7      | Found a hazy altar of Hepliaklqana.
  5781 | D:7      | Found a burning altar of Makhleb.
  5782 | D:7      | Found a snail-covered altar of Cheibriados.
  5782 | D:7      | Found a glowing golden altar of the Shining One.
  5783 | D:7      | Found a sparkling altar of Nemelex Xobeh.
  5783 | D:7      | Found an iron altar of Okawaru.
  5783 | D:7      | Found an ornate altar of the Wu Jian Council.
  5783 | D:7      | Noticed Menkaure
  5791 | D:7      | Killed Menkaure
  5872 | D:7      | Reached XP level 10. HP: 64/64 MP: 10/10
  5889 | D:7      | Became a worshipper of Warmaster Okawaru
  6172 | D:8      | Found Hoklaaxtul's Food Boutique.
  6249 | D:8      | Noticed Flugslaktarn's ghost (novice DDFi)
  6250 | D:8      | Found a runed translucent door.
  6349 | D:8      | Reached * piety under Okawaru
  6426 | D:8      | Found a staircase to the Lair.
  6545 | D:8      | Found a glowing silver altar of Zin.
  7012 | D:8      | Found a shattered altar of Ashenzari.
  7037 | D:8      | Found an opulent altar of Gozag.
  7174 | D:9      | Reached ** piety under Okawaru
  7379 | D:9      | Found a radiant altar of Vehumet.
  7611 | D:9      | Found a staircase to the Orcish Mines.
  7879 | D:9      | Reached *** piety under Okawaru
  7879 | D:9      | Reached XP level 11. HP: 65/71 MP: 11/11
  8003 | D:10     | Entered Level 10 of the Dungeon
  8040 | D:10     | Got a crude quarterstaff
  8041 | D:10     | Identified the +6 quarterstaff of Huilygg {drain, rElec rN+
                  | Dex-3} (You found it on level 10 of the Dungeon)
  8187 | D:10     | Noticed Grum
  8195 | D:10     | Killed Grum
  8524 | D:10     | Found a shimmering blue altar of Sif Muna.
  9034 | D:8      | Killed Flugslaktarn's ghost
  9259 | D:11     | Found a basalt altar of Yredelemnul.
  9287 | D:11     | Reached **** piety under Okawaru
  9320 | D:11     | Noticed a brown ugly thing
  9327 | D:11     | Noticed a cyan ugly thing
  9342 | D:11     | Noticed a two-headed ogre
  9352 | D:11     | Killed a two-headed ogre
  9352 | D:11     | Reached skill level 10 in Fighting
  9391 | D:11     | Reached skill level 10 in Armour
  9412 | D:11     | Killed from afar by an orc priest

Levels and vault maps discovered:
D:1:      dpeg_arrival_erosion, layout_basic
D:2:      layout_loops_ring, minmay_misc_feat_nine_boxes
D:3:      minmay_angry_zag, layout_rooms, first_ration, grunt_qazlal_sundering,
          uniq_grinder
D:4:      layout_rooms, old_standard_altar, tgw_sif, doesnt_xom_only_xom
D:5:      layout_basic, temple_pool_b
D:6:      layout_basic, uniq_blork_the_orc
D:7:      layout_loops_ring, grunt_temple_overflow_open, uniq_joseph,
          uniq_menkaure
D:8:      layout_basic, marbit_many_paths, nicolae_overflow_crystal_walls,
          grunt_gozag_statues, lair_entry_dummy, hellmonk_ghost_happy_afterlife,
          serial_shops, shop, grunt_ogre_cave
D:9:      layout_cave_pools, vehumet_crystals, david_orc_2
D:10:     layout_loops_ring, basic_altar, uniq_grum
D:11:     layout_rooms, basic_altar, minmay_misc_feat_encased, minivault_16
Temple:   nicolae_temple_figure_zero

Skill      XL: |  1  2  3  4  5  6  7  8  9 10 11 |
---------------+----------------------------------+-----
Armour         | 1 2 3 4 6 7 8 10 | 10.1
Fighting       | 3 4 5 6 7 9 10 | 10.3
Dodging        | 3 4 5 6 7 8 |  8.3
Maces & Flails | 4 5 6 7 8 9 |  9.8
Throwing       | |  1.7

Action                   |  1- 3 |  4- 6 |  7- 9 | 10-12 || total
-------------------------+-------+-------+-------+-------++-------
Melee: Flail             |   113 |    79 |    68 |       ||   260
       Morningstar       |       |       |   195 |   499 ||   694
Throw: Throwing net      |       |     4 |     1 |       ||     5
Invok: Heroism           |       |       |       |     1 ||     1
  Use: Scroll            |     5 |       |     3 |     9 ||    17
       Potion            |       |     2 |     2 |     6 ||    10
 Stab: Sleeping          |     1 |       |       |       ||     1
       Held in net/web   |       |       |     2 |       ||     2
       Invisible         |       |       |       |    11 ||    11
  Eat: Chunk             |     2 |     2 |     8 |    13 ||    25
       Ration            |       |       |     1 |       ||     1
Armor: Leather armour    |    31 |       |       |       ||    31
       Scale mail        |    31 |    45 |   108 |   236 ||   420
       Chain mail        |       |       |       |   210 ||   210
Dodge: Dodged            |    79 |    80 |   175 |   618 ||   952

Table legend:
 A = Non-vault XP
 B = Vault XP
 C = Vault XP percentage of total XP
 D = Non-vault monster count
 E = Vault monster count
 F = Vault count percentage of total count
                 A         B        C        D         E       F
            +---------+---------+-------+---------+---------+-------
      Total |   14134 |    2863 |  16.8 |     246 |      24 |   8.9
            +---------+---------+-------+---------+---------+-------
        D:1 |      42 |       0 |   0.0 |      20 |       0 |   0.0
        D:2 |      35 |       0 |   0.0 |      17 |       0 |   0.0
        D:3 |     310 |     276 |  47.1 |      19 |       5 |  20.8
        D:4 |     361 |       0 |   0.0 |      14 |       0 |   0.0
        D:5 |     384 |       0 |   0.0 |      18 |       0 |   0.0
        D:6 |    1914 |      96 |   4.8 |      27 |       1 |   3.6
        D:7 |     617 |     638 |  50.8 |      14 |       2 |  12.5
        D:8 |    2275 |    1174 |  34.0 |      31 |       3 |   8.8
        D:9 |    2279 |      24 |   1.0 |      37 |       8 |  17.8
       D:10 |    1269 |     655 |  34.0 |      17 |       5 |  22.7
       D:11 |    4648 |       0 |   0.0 |      32 |       0 |   0.0
            +---------+---------+-------+---------+---------+-------
